 Dungeon Crawl Stone Soup version 0.24-a0-189-g5d897e9 (webtiles) character file.

Game seed: 8966337514026747223

20874 emperorscorpion the Cleaver (level 12, -1/112 HPs)
             Began as a Naga Fighter on Mar 16, 2019.
             Was the Champion of Lugonu.
             Slain by a nine-headed hydra (7 damage)
             ... on level 12 of the Dungeon.
             The game lasted 00:27:19 (9765 turns).

emperorscorpion the Cleaver (Naga Fighter)          Turns: 9765, Time: 00:27:20

Health: -1/112     AC: 19    Str: 23    XL:     12   Next: 84%
Magic:  13/13      EV:  5    Int: 16    God:    Lugonu [******]
Gold:   660        SH: 16    Dex:  7    Spells: 11/11 levels left

rFire    . . .     SeeInvis +   a - +3 war axe (vamp)
rCold    + + .     Gourm    .   O - +0 large shield {rC+}
rNeg     . . .     Faith    .   b - +1 scale mail
rPois    +         Spirit   .   i - +0 hat
rElec    .         Reflect  .   g - +0 cloak
rCorr    .         Harm     .   (no gloves)
MR       ++...                  C - +1 naga barding of Pandemonium {+Blink Int+7 Dex-4}
Stlth    +.........             w - amulet of regeneration
HPRegen  0.68/turn              G - ring of protection from cold
MPRegen  0.13/turn              r - ring of protection from magic

@: very slightly contaminated, invisible, very slow
A: large, stinger 1, icy blue scales 1, see invisible, deformed body, poison
resistance, slowness 2, slow metabolism 1, spit poison 1, AC +4
a: Spit Poison, Depart the Abyss, Bend Space, Banish, Corrupt, Enter the Abyss,
Brand Weapon With Distortion, Renounce Religion, Evoke Blink


You were on level 12 of the Dungeon.
You worshipped Lugonu.
Lugonu was exalted by your worship.
You were not hungry.

You visited 1 branch of the dungeon, and saw 12 of its levels.
You also visited: Ice Cave.

You collected 660 gold pieces.

Inventory:

Hand Weapons
 a - a +3 vampiric war axe (weapon)
 F - the +2 whip of the Manifold Eyes {pain, rF+}
   (You found it on level 6 of the Dungeon)

   In the hands of one skilled in necromantic magic, it inflicts extra damage on
   living creatures.
   It protects you from fire.
 N - a +1 battleaxe of freezing
 P - the +6 halberd "Giantbane" {flame, Str+4 Int+2, unknown}
   (You found it in an ice cave)

   It has been specially enchanted to burn those struck by it, causing extra
   injury to most foes and up to half again as much damage against particularly
   susceptible opponents.
   Big, fiery blades are also staple armaments of hydra-hunters.
   It affects your strength (+4).
   It affects your intelligence (+2).
Missiles
 e - 3 throwing nets
 o - 3 needles of sleeping
 p - 4 javelins
 s - 54 poisoned needles
 u - 14 tomahawks (quivered)
Armour
 b - a +1 scale mail (worn)
 c - a +0 shield
 g - a +0 cloak (worn)
 i - a +0 hat (worn)
 C - the +1 naga barding of Pandemonium (worn) {+Blink Int+7 Dex-4}
   (You acquired it on level 7 of the Dungeon)

   It affects your intelligence (+7).
   It affects your dexterity (-4).
   It lets you blink.
 O - a +0 large shield of cold resistance (worn)
Jewellery
 n - a +3 ring of strength
 r - a ring of protection from magic (right hand)
 w - an amulet of regeneration (around neck)
 y - an uncursed ring of resist corrosion
 B - an uncursed ring of protection from fire
 D - an uncursed ring of protection from cold
 G - a ring of protection from cold (left hand)
Wands
 m - a wand of flame (43)
 t - a wand of digging (3)
Scrolls
 h - 7 scrolls of teleportation
 j - 14 scrolls of identify
 k - 3 scrolls of magic mapping
 A - 2 scrolls of remove curse
 E - a scroll of amnesia
 K - 2 scrolls of enchant armour
Potions
 d - 4 potions of might
 l - 4 potions of mutation
 q - 5 potions of curing
 v - 3 potions of agility
 z - a potion of lignification
 I - a potion of brilliance
 L - 2 potions of flight
 M - a potion of heal wounds
Comestibles
 f - 23 rations
 x - 12 chunks of flesh


   Skills:
 + Level 8.8 Fighting
 * Level 13.5 Axes
 + Level 1.4 Throwing
 + Level 7.4 Armour
 + Level 4.6 Dodging
 + Level 3.1 Stealth
 + Level 7.4 Shields
 + Level 2.1 Evocations


You had 11 spell levels left.
You didn't know any spells.
Your spell library contained the following spells:

 Spells                   Type           Power        Failure   Level  Hunger
 Animate Skeleton         Necr           N/A          96%         1    ##.....
 Apportation              Tloc           #.....       96%         1    ##.....
 Confusing Touch          Hex            #.....       96%         1    ##.....
 Corona                   Hex            #......      96%         1    ##.....
 Summon Small Mammal      Summ           #...         96%         1    ##.....
 Ensorcelled Hibernation  Hex/Ice        #.....       99%         2    ###....
 Confuse                  Hex            #.......     100%        3    ####...
 Dazzling Spray           Conj/Hex       #.....       100%        3    ####...
 Tukima's Dance           Hex            #.......     100%        3    ####...
 Cause Fear               Hex            #.........   100%        4    #####..
 Irradiate                Conj/Tmut      #.........   100%        5    ######.
 Metabolic Englaciation   Hex/Ice        #.........   100%        5    ######.
 Hydra Form               Tmut           #.........   100%        6    #######
 Statue Form              Tmut/Erth      #........    100%        6    #######
 Dragon Form              Tmut           #.........   100%        7    #######
 Discord                  Hex            #.........   100%        8    #######


Dungeon Overview and Level Annotations

Branches:
Dungeon (12/15)            Temple (0/1) D:4            Lair (0/6) D:9
    Orc: D:9-12

Altars:
Ashenzari
Cheibriados
Dithmenos
Elyvilon
Qazlal
Sif Muna
Uskayaw
Wu Jian
Yredelemnul
Zin
The Shining One
Lugonu


Innate Abilities, Weirdness & Mutations

You cannot wear boots.
Your serpentine skin is tough. (AC +4)
You have supernaturally acute eyesight. (SInv)
Armour fits poorly on your strangely shaped body.
Your system is resistant to poisons. (rPois)
You cover ground very slowly.
You have a slow metabolism.
You can spit poison.
Your tail ends in a poisonous barb.
You are partially covered in icy blue scales. (AC +2)


Message History

You block the nine-headed hydra's attack.
The nine-headed hydra bites you but does no damage.
You block the nine-headed hydra's attack. x2
The nine-headed hydra bites you!
* * * LOW HITPOINT WARNING * * *
The nine-headed hydra bites you but does no damage.
You block the nine-headed hydra's attack.
The nine-headed hydra barely misses you.
The nine-headed hydra bites you but does no damage.
Unknown command.
Your shield prevents you from hitting the nine-headed hydra.
The nine-headed hydra is almost dead.
The nine-headed hydra bites you but does no damage.
You block the nine-headed hydra's attack. x3
The nine-headed hydra bites you!
* * * LOW HITPOINT WARNING * * *
The nine-headed hydra bites you.
* * * LOW HITPOINT WARNING * * *
The nine-headed hydra bites you!
You die...

........###...
........#..... ..
.............
..###............
...#.............
........%........
.................
.......)D........
.......รท@)......#
.......))).......
.................
..........##.....
....##....# ....#
.... #..... ...#
#.. ....... ... #.
......... ...
..........?


You could see a nine-headed hydra.

Vanquished Creatures
  Gastronok (D:8)
  A frost giant (IceCv)
  Harold (D:11)
  2 two-headed ogres
  An ugly thing (D:11)
  A deep elf mage (D:9)
  An ice statue (IceCv)
  4 trolls
  Grinder (D:4)
  15 polar bears (IceCv)
  Prince Ribbit (D:7)
  3 hippogriffs
  A spriggan (D:7)
  8 yaks (IceCv)
  Grum (D:10)
  A hungry ghost (D:11)
  A warg (D:12)
  Edmund (D:4)
  2 water moccasins
  Duvessa (D:4)
  4 orc warriors
  10 ice beasts
  2 sky beasts
  2 black bears
  2 ogres
  4 phantoms
  A necrophage (D:11)
  16 wolves
  8 centaurs
  A big kobold (D:10)
  Blork the orc (D:4)
  8 bullfrogs
  A gnoll sergeant (D:9)
  Dowan (D:4)
  2 wyvern skeletons
  6 scorpions
  3 killer bees (D:10)
  4 howler monkeys
  3 electric eels
  A bullfrog zombie (D:8)
  4 crimson imps
  2 centaur zombies
  A quasit (D:5)
  6 hounds
  A bullfrog skeleton (D:8)
  3 jellies
  10 orc priests
  15 orc wizards
  2 iguanas
  Natasha (thrice) (D:4)
  17 worker ants
  3 hound skeletons
  A worker ant zombie (D:8)
  2 howler monkey skeletons
  8 gnolls
  5 adders
  A shadow imp (D:7)
  An ooze (D:3)
  An adder skeleton (D:4)
  2 adder zombies
  A worm (D:2)
  6 leopard geckos
  56 orcs
  8 bats
  6 giant cockroaches
  9 goblins
  10 hobgoblins
  10 jackals
  3 quokkas
  A ball python (D:3)
  3 frilled lizards
  11 kobolds
  A leopard gecko zombie (D:7)
  A quokka skeleton (D:4)
  5 rats
347 creatures vanquished.

Vanquished Creatures (others)
  An orc warrior (D:6)
1 creature vanquished.

Grand Total: 348 creatures vanquished

Notes
Turn   | Place    | Note
-------+----------+-------------------------------------------
     0 | D:1      | emperorscorpion the Naga Fighter began the quest for the
                  | Orb.
     0 | D:1      | Reached XP level 1. HP: 21/21 MP: 1/1
   108 | D:1      | Reached XP level 2. HP: 28/28 MP: 2/2
   427 | D:1      | Reached XP level 3. HP: 31/34 MP: 3/3
   801 | D:2      | Found an ornate altar of the Wu Jian Council.
  1606 | D:3      | Reached XP level 4. HP: 42/42 MP: 4/4
  1664 | D:3      | Found a glowing silver altar of Zin.
  1691 | D:3      | Found a faded altar of an unknown god.
  1700 | D:3      | Became a worshipper of Lugonu the Unformed
  1700 | D:3      | Reached * piety under Lugonu
  1700 | D:3      | Reached ** piety under Lugonu
  1819 | D:3      | Reached skill level 1 in Dodging
  1846 | D:3      | Found a stormy altar of Qazlal.
  1905 | D:3      | Reached skill level 3 in Axes
  1905 | D:3      | Reached XP level 5. HP: 42/49 MP: 5/5
  2075 | D:3      | Found a deep blue altar of Sif Muna.
  2182 | D:4      | Noticed Blork the orc
  2196 | D:4      | Killed Blork the orc
  2196 | D:4      | Reached skill level 4 in Axes
  2196 | D:4      | Reached XP level 6. HP: 43/56 MP: 6/6
  2233 | D:4      | Noticed Grinder
  2252 | D:4      | Killed Grinder
  2252 | D:4      | Reached skill level 5 in Axes
  2297 | D:4      | Noticed Dowan
  2298 | D:4      | Noticed Duvessa
  2300 | D:4      | Noticed Edmund
  2307 | D:3      | Reached XP level 7. HP: 56/63 MP: 7/7
  2462 | D:4      | Noticed Natasha
  2464 | D:4      | Reached *** piety under Lugonu
  2467 | D:4      | Killed Natasha
  2562 | D:4      | Killed Duvessa
  2562 | D:4      | Reached skill level 6 in Axes
  2562 | D:4      | Reached skill level 1 in Stealth
  2569 | D:4      | Killed Dowan
  2569 | D:4      | Reached XP level 8. HP: 31/72 MP: 8/8
  2691 | D:4      | Killed Edmund
  2838 | D:4      | Found a staircase to the Ecumenical Temple.
  3002 | D:4      | Found a white marble altar of Elyvilon.
  3104 | D:4      | Noticed Natasha
  3107 | D:4      | Killed Natasha
  3202 | D:4      | Noticed Natasha
  3209 | D:4      | Killed Natasha
  3232 | D:5      | Entered Level 5 of the Dungeon
  3345 | D:5      | Found a shadowy altar of Dithmenos.
  3386 | D:5      | Found a basalt altar of Yredelemnul.
  3590 | D:5      | Found a glowing golden altar of the Shining One.
  3784 | D:6      | Found a hide-covered altar of Uskayaw.
  3784 | D:6      | Noticed a +0 hand axe
  3784 | D:6      | Noticed a +0 hand axe
  3792 | D:6      | Reached skill level 7 in Axes
  4169 | D:6      | Got an ichor-stained whip
  4170 | D:6      | Identified the +2 whip of the Manifold Eyes {pain, rF+}
                  | (You found it on level 6 of the Dungeon)
  4195 | D:6      | Reached XP level 9. HP: 80/80 MP: 9/9
  4208 | D:6      | Identified the Compendium of Curses
  4431 | D:6      | Found a snail-covered altar of Cheibriados.
  4688 | D:7      | Reached skill level 5 in Armour
  4703 | D:7      | Noticed Prince Ribbit
  4858 | D:7      | Reached skill level 5 in Fighting
  4858 | D:7      | Reached skill level 8 in Axes
  4888 | D:7      | Killed Prince Ribbit
  5004 | D:7      | Reached **** piety under Lugonu
  5077 | D:7      | Reached skill level 1 in Evocations
  5212 | D:7      | Reached skill level 5 in Shields
  5660 | D:7      | Identified a scroll of acquirement
  5662 | D:7      | Got a twisted naga barding
  5668 | D:7      | Identified the +1 naga barding of Pandemonium {+Blink Int+7
                  | Dex-4} (You acquired it on level 7 of the Dungeon)
  5760 | D:8      | Gained mutation: You are partially covered in icy blue
                  | scales. (AC +2) [potion of mutation]
  5760 | D:8      | Gained mutation: Your tail ends in a poisonous barb.
                  | [potion of mutation]
  5768 | D:8      | Reached skill level 9 in Axes
  5768 | D:8      | Reached XP level 10. HP: 88/88 MP: 11/11
  5787 | D:8      | Noticed Gastronok
  5792 | D:8      | Reached ***** piety under Lugonu
  5823 | D:8      | HP: 4/91 [Gastronok (24)]
  5829 | D:8      | Killed Gastronok
  5829 | D:8      | Reached skill level 10 in Axes
  6141 | D:8      | Noticed a skeletal warrior
  6235 | D:9      | Found a shattered altar of Ashenzari.
  6320 | D:9      | Noticed a deep elf mage
  6343 | D:9      | Killed a deep elf mage
  6392 | D:9      | Reached XP level 11. HP: 84/99 MP: 12/12
  6406 | D:9      | Found a staircase to the Lair.
  6592 | D:9      | Reached skill level 11 in Axes
  6983 | D:10     | Entered Level 10 of the Dungeon
  7253 | D:10     | Noticed a two-headed ogre
  7260 | D:10     | Killed a two-headed ogre
  7288 | D:10     | Noticed Grum
  7304 | D:10     | Killed Grum
  7656 | D:11     | Noticed a two-headed ogre
  7667 | D:11     | Killed a two-headed ogre
  7930 | D:11     | Found a frozen archway.
  7947 | D:11     | Reached skill level 12 in Axes
  7968 | IceCv    | Entered an ice cave
  8036 | IceCv    | Reached XP level 12. HP: 74/110 MP: 13/13
  8306 | IceCv    | Reached skill level 1 in Throwing
  8714 | IceCv    | Reached ****** piety under Lugonu
  8757 | IceCv    | Noticed a frost giant
  8785 | IceCv    | Killed a frost giant
  8785 | IceCv    | Reached skill level 13 in Axes
  8910 | IceCv    | Got a jewelled halberd
  9454 | D:11     | Noticed Harold
  9465 | D:11     | Killed Harold
  9743 | D:12     | Noticed a six-headed hydra
  9759 | D:12     | HP: 2/112 [six-headed hydra (9)]
  9765 | D:12     | Slain by a nine-headed hydra

Levels and vault maps discovered:
D:1:      dpeg_arrival_pits, layout_rooms, minmay_strange_pillars
D:2:      layout_basic, nicolae_overflow_crystal_walls, first_ration
D:3:      layout_loops_cross, lemuel_crystal_altar, overflow_temple_1_default,
          lemuel_doored_altar, chequers_ecumenical_altar_simple_redux
D:4:      layout_rooms, elyvilon_altar_1, minmay_temple_entry_waves,
          uniq_natasha, uniq_edmund, uniq_duvessa, uniq_grinder,
          uniq_blork_the_orc
D:5:      layout_cave_pools, nicolae_dithmenos_the_darkroom, kennysheep_mini,
          basic_altar, chequers_serial_rivers_micro_d
D:6:      layout_basic, nicolae_overflow_hidden_temple, dancing_weapons_uskayaw,
          lemuel_coloured_pillars_altar, grunt_decor_one_mirror
D:7:      layout_loops_ring, the_bakery, eino_small_chamber_without_monster,
          uniq_prince_ribbit1
D:8:      layout_cave_pools, kennysheep_island_fort, uniq_gastronok
D:9:      layout_basic, overflow_temple_1_default, erik_lair_island
D:10:     layout_roguey, fungi_pond_lemuel, uniq_grum
D:11:     layout_roguey, portal_ice_cave_entry_ice_beasts, uniq_harold
D:12:     layout_big_octagon, erik_orc_4, serial_shops, shop, uniq_nergalle,
          uniq_rupert
IceCv:    ice_cave_small_giant

Skill      XL: |  1  2  3  4  5  6  7  8  9 10 11 12 |
---------------+-------------------------------------+-----
Armour         | 3 4 5 6 7 |  7.4
Dodging        | 1 2 3 4 |  4.6
Axes           | 3 4 5 6 7 9 10 12 13 | 13.5
Shields        | 3 4 5 6 7 |  7.4
Fighting       | 4 5 6 7 8 |  8.8
Stealth        | 1 2 3 |  3.1
Evocations     | 1 2 |  2.1
Throwing       | 1 |  1.4

Action                   |  1- 3 |  4- 6 |  7- 9 | 10-12 || total
-------------------------+-------+-------+-------+-------++-------
Melee: War axe           |   102 |    90 |   375 |   771 ||  1338
       Tailslap          |       |       |     2 |    95 ||    97
Throw: Javelin           |       |       |     1 |    15 ||    16
       Tomahawk          |       |       |       |     3 ||     3
 Abil: Spit Poison       |     9 |     4 |    50 |    13 ||    76
Evoke: Wand              |       |     2 |    11 |    22 ||    35
  Use: Scroll            |     5 |       |     7 |     3 ||    15
       Potion            |       |       |     2 |     8 ||    10
 Stab: Distracted        |       |       |     1 |       ||     1
       Invisible         |       |       |     2 |       ||     2
  Eat: Chunk             |     2 |     2 |     9 |    21 ||    34
       Ration            |       |       |     1 |       ||     1
Armor: Scale mail        |    54 |    43 |   187 |   576 ||   860
       Skin              |       |       |       |     5 ||     5
Dodge: Dodged            |    24 |    21 |   115 |   199 ||   359
Block: Shield            |    54 |    49 |   227 |   385 ||   715
       Large shield      |       |       |       |   119 ||   119

Table legend:
 A = Non-vault XP
 B = Vault XP
 C = Vault XP percentage of total XP
 D = Non-vault monster count
 E = Vault monster count
 F = Vault count percentage of total count
                 A         B        C        D         E       F
            +---------+---------+-------+---------+---------+-------
      Total |   13155 |   16665 |  55.9 |     266 |      82 |  23.6
            +---------+---------+-------+---------+---------+-------
        D:1 |      37 |       0 |   0.0 |      23 |       0 |   0.0
        D:2 |      40 |       0 |   0.0 |      14 |       0 |   0.0
        D:3 |     123 |       0 |   0.0 |      26 |       0 |   0.0
        D:4 |     484 |     806 |  62.5 |      25 |       6 |  19.4
        D:5 |     174 |       0 |   0.0 |       7 |       0 |   0.0
        D:6 |     925 |       0 |   0.0 |      21 |       0 |   0.0
        D:7 |    1403 |     501 |  26.3 |      28 |       2 |   6.7
        D:8 |    1162 |    2067 |  64.0 |      34 |       2 |   5.6
        D:9 |    1404 |     797 |  36.2 |      23 |       7 |  23.3
       D:10 |    2818 |     420 |  13.0 |      26 |       3 |  10.3
       D:11 |    4179 |    2041 |  32.8 |      33 |       9 |  21.4
       D:12 |     406 |     535 |  56.9 |       6 |      17 |  73.9
      IceCv |       0 |    9498 | 100.0 |       0 |      36 | 100.0
            +---------+---------+-------+---------+---------+-------
